 Dungeon Crawl Stone Soup version 0.27-a0-1188-g73eefd5def (webtiles) character file.

Game seed: 9058916368818520281

2510 freelancePsychic the Ruffian (level 9, -2/80 HPs)
             Began as a Troll Earth Elementalist on May 20, 2021.
             Was a Priest of Sif Muna.
             Slain by Grum
             ... wielding a +0 spear
              (13 damage)
             ... on level 8 of the Dungeon.
             The game lasted 00:12:09 (5100 turns).

freelancePsychic the Ruffian (TrEE)                 Turns: 5100, Time: 00:12:09

Health: -2/80      AC: 10    Str: 20    XL:     9   Next: 28%
Magic:  9/9        EV: 10    Int: 12    God:    Sif Muna [***...]
Gold:   222        SH:  5    Dex: 10    Spells: 5/10 levels left

rFire    . . .     SeeInvis .     - Unarmed
rCold    . . .     Faith    .   (no shield)
rNeg     . . .     Spirit   .   t - +1 steam dragon scales
rPois    .         Reflect  +   s - +2 hat {Will+}
rElec    .         Harm     .   (no cloak)
rCorr    .         Rampage  .   (gloves unavailable)
Will     +....                  (boots unavailable)
Stlth    +.........             g - amulet of reflection
HPRegen  1.23/turn              (no ring)
MPRegen  0.11/turn              (no ring)

@: mighty
A: large, unfitting armour, claws 3, regeneration 1, shaggy fur 1, tough skin 1
a: Renounce Religion, Channel Magic, Forget Spell


You were on level 8 of the Dungeon.
You worshipped Sif Muna.
Sif Muna was most pleased with you.
You visited 1 branch of the dungeon, and saw 8 of its levels.

You collected 354 gold pieces.
You spent 132 gold pieces at shops.

Inventory:

Hand Weapons
 e - a +1 hunting sling of freezing
Missiles
 b - 179 stones
 p - a throwing net
Armour
 c - a +0 robe
 s - a +2 hat of willpower (worn)
 t - +1 steam dragon scales (worn)
Jewellery
 g - an amulet of reflection (around neck)
Wands
 l - a wand of digging (4)
Scrolls
 i - a scroll of amnesia
 j - 3 scrolls of immolation
 r - 3 scrolls of enchant weapon
Potions
 a - a potion of might
 h - a potion of cancellation {unknown}
 k - 2 potions of heal wounds {unknown}
 m - a potion of brilliance {unknown}
 n - 2 potions of magic {unknown}
 u - a potion of ambrosia {unknown}


   Skills:
 - Level 2.8 Fighting
 - Level 3.4 Dodging
 - Level 1.0 Stealth
 + Level 6.8 Unarmed Combat
 - Level 1.2 Spellcasting
 * Level 4.8 Transmutations
 * Level 6.5 Earth Magic


You had 5 spell levels left.
You knew the following spells:

 Your Spells              Type           Power      Damage    Failure   Level
a - Sandblast             Erth           32%        2d9       1%          1
b - Petrify               Tmut/Erth      14%        N/A       28%         4

Your spell library contained the following spells:

 Spells                   Type           Power      Damage    Failure   Level
 Passwall                 Tmut/Erth      11%        N/A       4%          2
 Stone Arrow              Conj/Erth      16%        3d8       24%         3
 Animate Skeleton         Necr           0%         N/A       30%         1
 Apportation              Tloc           0%         N/A       30%         1
 Corona                   Hex            0%         N/A       30%         1
 Summon Small Mammal      Summ           0%         N/A       30%         1
 Lee's Rapid Deconstruct  Erth           8%         3d8*      50%         5
 Confusing Touch          Hex            0%         N/A       65%         3
 Gell's Gravitas          Tloc           0%         N/A       65%         3
 Yara's Violent Unravell  Hex/Tmut       3%         3d4       97%         5
 Metabolic Englaciation   Hex/Ice        0%         N/A       100%        5


Dungeon Overview and Level Annotations

Branches:
Dungeon (8/15)             Temple (0/1) D:4
   Lair: D:8-11

Altars:
Cheibriados
Kikubaaqudgha
Makhleb
Nemelex Xobeh
Ru
Sif Muna
Uskayaw
Wu Jian
Yredelemnul
Zin

Shops:
D:6 *   D:7 *

Annotations:
D:3 1 runed translucent door, CowFu's ghost, amateur GrFi
D:6 exclusion: two-headed ogre
D:8 Grum


Innate Abilities, Weirdness & Mutations

You are too large for most types of armour.
You have claws for hands.
Your natural rate of healing is unusually fast.
You are covered in fur. (AC +1)
You have tough skin. (AC +1)


Message History

The bullfrog is moderately wounded.
You block the bullfrog's attack.
Casting: Sandblast (safe; 2% risk of failure)
Confirm with . or Enter, or press ? or * to list all spells.
Okay, then.
It was a potion of curing.
You feel better.
The bullfrog hits you but does no damage.
Grum misses you.
You feel better. The bullfrog closely misses you.
Grum hits you but does no damage.
The bullfrog hits you but does no damage.
It was a potion of might.
You feel very mighty all of a sudden. The bullfrog closely misses you.
Grum hits you from afar with a +0 spear!
* * * LOW HITPOINT WARNING * * *
You claw the bullfrog!
The bullfrog is severely wounded.
The bullfrog hits you but does no damage.
Grum hits you but does no damage.
The bullfrog hits you but does no damage.
You barely miss the bullfrog.
The bullfrog is severely wounded.
Grum glances around and shouts, "Sparky!
Here boy!"
Grum hits you from afar with a +0 spear!
* * * LOW HITPOINT WARNING * * *
The bullfrog hits you but does no damage.
You mangle the bullfrog!!
You kill the bullfrog!
Sif Muna accepts your kill. Grum closely misses you.
You claw the wyvern!
The wyvern is heavily wounded.
You block the wyvern's attack. You block Grum's attack.
You closely miss the wyvern.
The wyvern is heavily wounded.
You block the wyvern's attack.
The wyvern bites you but does no damage.
Grum hits you from afar with a +0 spear!
You die...

[.#####.# ##.###.#
......#.# #.# #.#
......#.# #.# #.#
......#.# #<# #.#
......#.##############
#.#
..?...'......hh....#
#.#
......#.##########.#
#.# .##+###.#
###g#####. #..
#@l.......# #...
###.#####.# ..... ..#
#.##.. #.# #.# ... #.#
#.# #.. ##


You could see Grum and a wyvern.

Vanquished Creatures
  2 wyverns
  Eustachio (D:5)
  2 steam dragons
  2 water moccasins
  Duvessa (D:4)
  2 sky beasts
  A necrophage (D:4)
  A kobold brigand (D:8)
  3 bullfrogs
  4 scorpions
  Dowan (D:4)
  A wyvern skeleton (D:7)
  A water moccasin skeleton (D:4)
  A bullfrog zombie (D:6)
  A centaur zombie (D:7)
  2 jellies
  3 hounds
  A centaur skeleton (D:2)
  4 iguanas
  An orc wizard (D:6)
  10 adders
  A shadow imp (D:7)
  An ufetubus (D:5)
  A worm (D:2)
  2 dart slugs
  10 orcs
  2 ball pythons
  9 endoplasms
  6 giant cockroaches
  7 goblins
  7 hobgoblins
  8 jackals
  8 quokkas
  10 bats
  5 frilled lizards
  13 kobolds
  5 rats
  A spectral orc (D:8)
141 creatures vanquished.

Notes
Turn   | Place    | Note
-------+----------+-------------------------------------------
     0 | D:1      | freelancePsychic the Troll Earth Elementalist began the
                  | quest for the Orb.
     0 | D:1      | Reached XP level 1. HP: 16/16 MP: 1/1
   153 | D:1      | Reached skill level 1 in Unarmed Combat
   155 | D:1      | Reached XP level 2. HP: 26/26 MP: 2/2
   352 | D:1      | Found a faded altar of an unknown god.
   360 | D:1      | Became a worshipper of Sif Muna the Loreminder
   360 | D:1      | Reached * piety under Sif Muna
   584 | D:2      | Reached XP level 3. HP: 32/32 MP: 3/3
   651 | D:2      | Reached skill level 1 in Fighting
   680 | D:2      | Reached XP level 4. HP: 39/41 MP: 4/4
  1092 | D:3      | Reached ** piety under Sif Muna
  1312 | D:3      | Found a hide-covered altar of Uskayaw.
  1312 | D:3      | Found a sparkling altar of Nemelex Xobeh.
  1318 | D:3      | Found a glowing silver altar of Zin.
  1320 | D:3      | Found a burning altar of Makhleb.
  1322 | D:3      | Found a sacrificial altar of Ru.
  1601 | D:3      | Found a runed translucent door.
  1601 | D:3      | Noticed a phantom
  1602 | D:3      | Noticed CowFu's ghost (amateur GrFi)
  1632 | D:3      | Reached XP level 5. HP: 49/49 MP: 5/5
  1673 | D:3      | Found a snail-covered altar of Cheibriados.
  2046 | D:4      | Noticed a necrophage
  2082 | D:4      | Killed a necrophage
  2083 | D:4      | Reached XP level 6. HP: 30/57 MP: 1/6
  2501 | D:4      | Noticed Dowan
  2523 | D:4      | Reached skill level 5 in Unarmed Combat
  2523 | D:4      | Reached XP level 7. HP: 66/66 MP: 7/7
  2577 | D:4      | Noticed Duvessa
  2589 | D:4      | Killed Duvessa
  2590 | D:4      | Reached skill level 1 in Transmutations
  2593 | D:4      | Found a staircase to the Ecumenical Temple.
  2611 | D:4      | Killed Dowan
  2737 | D:5      | Entered Level 5 of the Dungeon
  2882 | D:5      | Reached *** piety under Sif Muna
  2963 | D:5      | Noticed Eustachio
  2974 | D:5      | Killed Eustachio
  2975 | D:5      | Reached XP level 8. HP: 56/74 MP: 8/8
  3094 | D:5      | Found an ancient bone altar of Kikubaaqudgha.
  3098 | D:5      | Found an ornate altar of the Wu Jian Council.
  3339 | D:5      | Reached skill level 5 in Earth Magic
  3801 | D:6      | Noticed a two-headed ogre
  4082 | D:6      | Found Pisimam's Assorted Antiques.
  4092 | D:6      | Bought a scroll labelled YPEFEH ROEDOTURUE for 33 gold
                  | pieces
  4092 | D:6      | Bought a scroll labelled YSAYSS BEYF for 33 gold pieces
  4092 | D:6      | Bought a scroll labelled ZEOJ ZOXIHOHIS for 33 gold pieces
  4092 | D:6      | Bought a scroll labelled FIEKIE UCWAIZ for 33 gold pieces
  4095 | D:6      | Acquired a +2 hat of willpower
  4526 | D:7      | Found Otyfuwn's Assorted Antiques.
  4546 | D:7      | Reached XP level 9. HP: 78/80 MP: 9/9
  4617 | D:7      | Paralysed by a hornet for 3 turns
  4623 | D:7      | Paralysed by a hornet for 1 turns
  4768 | D:7      | Learned a level 4 spell: Petrify
  4982 | D:8      | Found a basalt altar of Yredelemnul.
  5066 | D:8      | Noticed Grum
  5085 | D:8      | HP: 3/80 [wyvern (13)]
  5090 | D:8      | HP: 4/80 [Grum/+0 spear (4)]
  5100 | D:8      | Slain by Grum

Illustrated notes

Levels and vault maps discovered:
D:1:      zelgadis_glass_arrival_large, layout_loops_ring,
          hellmonk_ecumenical_altar_run_dry
D:2:      layout_rooms
D:3:      layout_basic, nicolae_overflow_crystal_walls,
          chequers_temple_overflow_minitemple, ebering_ghost_inner_flame,
          hangedman_abyss_or_decor_lesser_grid
D:4:      layout_rooms, minmay_temple_entry_junction, minmay_joined_circles,
          uniq_duvessa
D:5:      layout_basic, jmf_multi_god_temple, uniq_eustachio
D:6:      minmay_chambers_of_fours, layout_basic, serial_shops, shop
D:7:      layout_gridville, grunt_qazlal_clouds, serial_shops, shop
D:8:      layout_basic, overflow_temple_1_default,
          yredelemnul_forgotten_temple_becter, vehumet_crystals, serial_shops,
          shop_coins, uniq_grum

Skill      XL: |  1  2  3  4  5  6  7  8 |
---------------+-------------------------+-----
Unarmed Combat | 1 2 3 4 5 6 |  6.8
Dodging        | 2 3 |  3.4
Fighting       | 1 2 |  2.8
Transmutations | 2 4 |  4.8
Earth Magic    | 4 6 |  6.5
Stealth        | |  1.0
Spellcasting   | |  1.2

Action                   |  1- 3 |  4- 6 |  7- 9 || total
-------------------------+-------+-------+-------++-------
Melee: Unarmed           |    70 |   183 |   239 ||   492
       Punch             |     1 |       |     2 ||     3
 Cast: Sandblast         |       |     5 |       ||     5
  Use: Scroll            |       |     3 |    12 ||    15
       Potion            |       |       |     5 ||     5
 Stab: Sleeping          |     1 |       |       ||     1
Armor: Robe              |    22 |    63 |    17 ||   102
       Steam dragon scal |       |       |    38 ||    38
Dodge: Dodged            |    41 |   107 |   106 ||   254
Block: Other             |       |       |    48 ||    48

Table legend: (Time is in decaauts)
 A = Elapsed time spent in this place.
 B = Non-inter-level travel time spent in this place.
 C = Inter-level travel time spent in this place.
 D = Time resting spent in this place.
 E = Time spent auto-exploring this place.
 F = Levels seen in this place.
 G = Mean time per level.
                   A        B        C        D        E       F      G
               +--------+--------+--------+--------+--------+-----+--------+
         Total |   5032 |   4907 |    125 |     59 |   3847 |   8 |  629.0 |
       Dungeon |   5032 |   4907 |    125 |     59 |   3847 |   8 |  629.0 |
               +--------+--------+--------+--------+--------+-----+--------+

Top non-repeatable levels by time:
     D:6: 1063 daAuts
     D:3: 932 daAuts
     D:4: 716 daAuts
     D:5: 710 daAuts
     D:1: 564 daAuts
     D:2: 486 daAuts
     D:7: 341 daAuts
     D:8: 215 daAuts
